 Dungeon Crawl Stone Soup version 0.27-a0-1572-gacd6f1ce93 (webtiles) character file.

Game seed: 2253526722869514526

104 DocSulfur the Ducker (level 5, -3/39 HPs)
             Began as a Djinni Gladiator on July 17, 2021.
             Killed by nerve-wracking pain
             ... invoked by Menkaure
              (13 damage)
             ... on level 4 of the Dungeon.
             The game lasted 00:11:14 (3145 turns).

DocSulfur the Ducker (Djinni Gladiator)             Turns: 3145, Time: 00:11:14

Health: -3/39      AC:  7    Str: 14    XL:     5   Next: 7%
Gold:   217        EV: 10    Int: 10    God:
                   SH:  0    Dex: 14

rFire    + + +     SeeInvis .   a - +0 long sword
rCold    x . .     Faith    .   (no shield)
rNeg     . . .     Spirit   .   t - +0 scale mail {rF+}
rPois    ∞         Reflect  .   c - +0 helmet
rElec    .         Harm     .   (no cloak)
rCorr    .         Rampage  .   (no gloves)
Will     .....                  (boots unavailable)
Stlth    ..........             (no amulet)
HPRegen  0.13/turn              (no ring)
MPRegen  0.00/turn              (no ring)

@: flying
A: sickness immunity, fire resistance 2, cold vulnerability 1, float, innate
caster, hp casting, extra vitality 1
a: no special abilities


You were on level 4 of the Dungeon.
You visited 1 branch of the dungeon, and saw 4 of its levels.

You collected 217 gold pieces.

Inventory:

Hand Weapons
 a - a +0 long sword (weapon)
 g - a +0 war axe
 j - a +0 dagger of venom
 s - a +0 whip of venom
Missiles
 d - 3 throwing nets
 q - 65 stones
Armour
 c - a +0 helmet (worn)
 l - a +0 ring mail
 t - a +0 scale mail of fire resistance (worn)
Wands
 n - a wand of digging (5)
Scrolls
 i - a scroll of immolation {unknown}
 m - a scroll of vulnerability {unknown}
 p - a scroll of enchant weapon {unknown}
 r - a scroll of identify {unknown}
Potions
 b - 2 potions of curing {unknown}
 e - a potion of berserk rage {unknown}
 f - a potion of might {unknown}
 h - a potion of lignification {unknown}
 k - a potion of brilliance {unknown}
 o - a potion of flight {unknown}
 u - a potion of experience {unknown}


   Skills:
 - Level 2.5 Fighting
 * Level 3.4 Long Blades
 - Level 2.0 Throwing
 + Level 3.7 Dodging
 * Level 1.6 Spellcasting


You had 4 spell levels left.
You knew the following spells:

 Your Spells              Type           Power      Damage    Failure   Level
a - Foxfire               Conj/Fire      16%        2x1d4     58%         1
b - Searing Ray           Conj           8%         3d3       75%         2
Your spell library was empty.

Dungeon Overview and Level Annotations

Branches:
Dungeon (4/15)
 Temple: D:4-7

Altars:
Fedhas
Vehumet
Xom

Annotations:
D:4 Menkaure


Innate Abilities, Weirdness & Mutations

You are immune to sickness and miasma.
You are immune to poison.
Your flesh is very heat resistant. (rF++)
You are vulnerable to cold. (rC-)
You float through the air rather than walking.
You learn spells naturally, not from books.
Your magical power is your life essence.
You have superior vitality. (+4 HP)


Message History

You slash the hobgoblin!
You kill the hobgoblin!
You see here a +0 dagger.
Found a fuming emerald potion.
Found 12 gold pieces.
u - a fuming emerald potion You now have 217 gold pieces (gained 12).
Found a leather armour.
There is a shaft here.
Found an Everburning Encyclopedia.
Found a grey potion.
Menkaure, Prince of Dust comes into view.
Menkaure shouts!
Menkaure calls on the powers of darkness!
Your body is wracked with pain!
Found a scroll labelled CAAFFU ONOCK.
Hit: a) +0 long sword
Press: ? - help, Dir - move target Your weapon can't reach that far!
Okay, then.
Press: ? - help, v - describe, . - travel The floor.
Menkaure mumbles some strange words.
Menkaure seems to speed up.
Menkaure shouts, "You disturbed my rest!
Die!"
Menkaure calls on the powers of darkness!
Your body is wracked with pain!
Menkaure calls on the powers of darkness!
Your body is wracked with pain!
* * * LOW HITPOINT WARNING * * *
Found a silver wand.
Found a scroll labelled PYNAEG SUCAL.
Menkaure gestures at you while chanting.
Pain shoots through your body!
* * * LOW HITPOINT WARNING * * *
Menkaure points at you and mumbles some strange words.
You struggle to resist.
Menkaure points at you and mumbles some strange words.
Pain shoots through your body!
You die...

O.# #........###
#...# . ..##
##.....#...##
#...## #.. <..#
##.######).###
##....# ... ...#
###
###..###.....##...
#..#
##...#.........#
#..#
##.##.....#....#
..#
###..###...##...#
#..
##.....###.M.....#
#.#
#<.@...##...#....#
..
###....#...###..##
###..M..## ##.M##
##..### ###.##
#..## ##.# #..##
##. ...# ?......#
#### #.......
#.......


You could see Menkaure (fast).

Vanquished Creatures
  3 adders
  4 worms
  3 dart slugs
  7 orcs
  An endoplasm (D:3)
  A giant cockroach (D:3)
  4 goblins
  6 hobgoblins
  5 kobolds
  3 quokkas
  5 ball pythons
  6 bats
  3 frilled lizards (D:1)
  2 rats
53 creatures vanquished.

Vanquished Creatures (others)
  9 foxfires (D:3)
  10 withered plants (D:2)
19 creatures vanquished.

Grand Total: 72 creatures vanquished

Notes
Turn   | Place    | Note
-------+----------+-------------------------------------------
     0 | D:1      | DocSulfur the Djinni Gladiator began the quest for the Orb.
     0 | D:1      | Reached XP level 1. HP: 18/18 MP: 0/0
   196 | D:1      | Reached XP level 2. HP: 23/23 MP: 0/0
   810 | D:2      | Reached XP level 3. HP: 27/28 MP: 0/0
   810 | D:2      | Learned a level 1 spell: Foxfire
   844 | D:2      | Reached skill level 1 in Spellcasting
   937 | D:2      | Found a faded altar of an unknown god.
  1176 | D:2      | Reached XP level 4. HP: 17/34 MP: 0/0
  1845 | D:3      | Found a shimmering altar of Xom.
  1952 | D:3      | Found a blossoming altar of Fedhas.
  2805 | D:4      | Noticed an ogre
  2996 | D:3      | Reached XP level 5. HP: 39/39 MP: 0/0
  2996 | D:3      | Learned a level 2 spell: Searing Ray
  3104 | D:4      | Noticed Menkaure
  3145 | D:4      | Killed from afar by Menkaure

Illustrated notes

Levels and vault maps discovered:
D:1:      ebering_hopf_link, layout_loops_ring, minmay_pentomino_r2
D:2:      layout_rooms, ebering_ecumenical_altar_petrified
D:3:      layout_basic, amcnicky_altar_gilded, mainiacjoe_overflow_paths,
          mainiacjoe_overflow_boulevard
D:4:      layout_cave_pods, kennysheep_little_box,
          mainiacjoe_overflow_six_doors_small, uniq_menkaure,
          uniq_crazy_yiuf_cottage

Skill      XL: |  1  2  3  4 |
---------------+-------------+-----
Long Blades    | 3 |  3.4
Spellcasting   | 1 |  1.6
Throwing       | 2 |  2.0
Fighting       | |  2.5
Dodging        | |  3.7

Action                   |  1- 3 |  4- 6 || total
-------------------------+-------+-------++-------
Melee: Long sword        |    96 |    94 ||   190
 Cast: Foxfire           |       |     6 ||     6
  Use: Scroll            |       |     1 ||     1
 Stab: Sleeping          |     2 |       ||     2
Armor: Leather armour    |    21 |       ||    21
       Ring mail         |     4 |    39 ||    43
       Scale mail        |       |     5 ||     5
Dodge: Dodged            |    57 |    69 ||   126
       Rpst.: Long sword |    17 |    23 ||    40

Table legend: (Time is in decaauts)
 A = Elapsed time spent in this place.
 B = Non-inter-level travel time spent in this place.
 C = Inter-level travel time spent in this place.
 D = Time resting spent in this place.
 E = Time spent auto-exploring this place.
 F = Levels seen in this place.
 G = Mean time per level.
                   A        B        C        D        E       F      G
               +--------+--------+--------+--------+--------+-----+--------+
         Total |   3195 |   2978 |    217 |      0 |   1885 |   4 |  798.8 |
       Dungeon |   3195 |   2978 |    217 |      0 |   1885 |   4 |  798.8 |
               +--------+--------+--------+--------+--------+-----+--------+

Top non-repeatable levels by time:
     D:2: 1105 daAuts
     D:3: 1012 daAuts
     D:1: 835 daAuts
     D:4: 242 daAuts
